AoeStats
← Cdaa Axsk

Black Forest

509869442Analyzed
3v3 RM · 3d ago on Sep 28, 2026· 34m 44s· 6 players
Game mode
Random Map
Map size
Normal (6 player)
Population
200
Speed
Normal
Resources
Standard
Victory
Conquest
Starting age
Dark Age
Ending age
Imperial Age
RankedLock teamsTeams togetherTeam positionsShared explorationLock speedFull tech treeHidden civsTurbo modeCheats
Victory
Defeat
🇦🇷 Franks · Argentina
883
+15
🇦🇷 Shu · Argentina
874
+16
🇹🇼 Gurjaras · Taiwan
873
+16
🇹🇷 Turks · Türkiye
897
-16
🇩🇪 Khmer · Germany
875
-16
🇭🇰 Persians · Hong Kong SAR China
842
-15
Cdaa Axsk
13:39 Feudal Age
15:53 Double-Bit Axe
16:28 Fishing Lines
19:01 Castle Age
20:35 Town Watch
21:30 Wheelbarrow
23:19 Stone Mining
24:06 Bow Saw
23:43 Horse Collar
25:05 Stone Shaft Mining
24:46 Gillnets
25:23 Loom
27:03 Fletching
28:12 Heavy Plow
29:49 Hand Cart
29:49 Murder Holes
30:07 Fortified Wall
30:08 Masonry
30:40 Bodkin Arrow
31:36 Forging
31:12 Treadmill Crane
33:45 Ballistics
34:06 Iron Casting
33:36 Town Patrol
37:31 Imperial Age
jjeeff0619
8:29 Loom
12:15 Feudal Age
17:39 Double-Bit Axe
17:51 Horse Collar
21:03 Castle Age
20:41 Gold Mining
22:31 Fishing Lines
23:04 Bow Saw
24:36 Gold Shaft Mining
24:03 Heavy Plow
25:32 Wheelbarrow
25:07 Stone Mining
25:49 Caravan
27:43 Hand Cart
27:19 Town Watch
36:21 Imperial Age
35:12 Forging
34:55 Fletching
35:05 Padded Archer Armor
34:56 Fletching
35:06 Padded Archer Armor
bb0929650
5:13 Loom
14:30 Feudal Age
15:01 Double-Bit Axe
17:36 Gold Mining
20:49 Wheelbarrow
23:21 Castle Age
22:00 Forging
22:32 Scale Barding Armor
23:02 Stone Mining
26:25 Gold Shaft Mining
27:06 Bow Saw
27:55 Iron Casting
27:41 Chain Barding Armor
29:13 Town Watch
30:22 Hand Cart
32:44 Husbandry
WhiZzZkiD
0:26 Loom
11:43 Feudal Age
14:22 Double-Bit Axe
15:55 Fishing Lines
21:13 Castle Age
19:38 Stone Mining
22:40 Town Watch
24:53 Bow Saw
24:55 Gold Mining
26:55 Gold Shaft Mining
28:01 Gillnets
29:45 Horse Collar
30:44 Stone Shaft Mining
30:54 Fortified Wall
34:44 Imperial Age
32:49 Wheelbarrow
32:52 Masonry
34:34 Hand Cart
34:34 Forging
34:31 Scale Barding Armor
34:28 Scale Mail Armor
34:20 Fletching
35:20 Ballistics
boboy
0:30 Loom
13:01 Feudal Age
18:23 Castle Age
17:51 Horse Collar
18:26 Double-Bit Axe
20:03 Bow Saw
28:21 Gold Mining
32:25 Heavy Plow
36:36 Imperial Age
ugurcena91
0:42 Loom
13:33 Feudal Age
13:59 Double-Bit Axe
15:27 Wheelbarrow
15:21 Horse Collar
19:26 Castle Age
17:17 Fishing Lines
18:43 Town Watch
18:50 Gold Mining
21:06 Bow Saw
23:16 Gold Shaft Mining
22:32 Stone Mining
25:44 Caravan
27:10 Hand Cart
27:25 Town Patrol
29:32 Coinage
32:14 Imperial Age
29:51 Fletching
30:03 Padded Archer Armor
30:25 Ballistics
30:16 Masonry
29:47 Treadmill Crane
31:44 Bodkin Arrow
32:05 Leather Archer Armor
31:47 Murder Holes
32:00 Heavy Plow
33:18 Bracer
33:51 Architecture
33:15 Gillnets
33:58 Ring Archer Armor
33:59 Artillery
35:04 Banking
34:45 Guilds
34:53 Guilds
36:09 Two-Man Saw
Connection lost

Rejoining the realm…

Still unreachable

The connection could not be restored.

Session expired

The server has moved on; the page needs a fresh start.